 Dungeon Crawl Stone Soup version 0.30-a0-737-gf23d94013f (webtiles) character file.

Game seed: 6668096720470031064

837 browni3141 the Jinx (level 7, 0/32 HPs)
             Began as a Felid Necromancer on Feb 2, 2023.
             Slain by a sky beast (5 damage)
             ... on level 7 of the Dungeon.
             The game lasted 00:22:36 (7950 turns).

browni3141 the Jinx (Felid Necromancer)             Turns: 7950, Time: 00:22:37

Health: 0/32       AC:  2    Str:  4    XL:     7   Next: 66%
Magic:  10/12      EV: 21    Int: 18    God:
Gold:   328        SH:  5    Dex: 23    Spells: 2/12 levels left
                                        Lives:  0   Deaths: 2

rFire   . . .      SeeInvis +      - Unarmed
rCold   + . .      Faith    .    (shield unavailable)
rNeg    . . .      Spirit   .    (body armour unavailable)
rPois   .          Reflect  +    (helmet unavailable)
rElec   .          Harm     .    (cloak unavailable)
rCorr   .          Rampage  .    (gloves unavailable)
Will    +....                    (boots unavailable)
Stlth   ++++                     d - amulet of reflection
HPRegen 0.25/turn                c - ring of protection from cold
MPRegen 0.13/turn                k - +6 ring of dexterity

@: quick
A: very small, claws 1, fangs 3, see invisible, speed 1, shaggy fur 2, stealthy
paws, no weapons or thrown items, no armour, multi-lived
a: no special abilities


You were on level 7 of the Dungeon.
You visited 1 branch of the dungeon, and saw 8 of its levels.

You collected 328 gold pieces.

Inventory:

Jewellery
 c - a ring of protection from cold (left paw)
 d - an amulet of reflection (around neck)
 k - a +6 ring of dexterity (right paw)
 u - an amulet of the acrobat
 E - a ring of resist corrosion
Wands
 q - a wand of acid (6)
 w - a wand of charming (1)
 y - a wand of flame (29)
Scrolls
 b - a scroll of brand weapon {unknown}
 f - 6 scrolls of identify {unknown}
 g - 3 scrolls of vulnerability {unknown}
 h - a scroll of acquirement {unknown}
 l - 2 scrolls of fog {unknown}
 t - 2 scrolls of enchant weapon {unknown}
 B - a scroll of magic mapping {unknown}
 C - 2 scrolls of amnesia {unknown}
 D - a scroll of immolation {unknown}
 F - a scroll of fear {unknown}
Potions
 a - 3 potions of magic
 e - 3 potions of curing
 i - a potion of might {unknown}
 j - 3 potions of mutation {unknown}
 m - a potion of ambrosia {unknown}
 n - 3 potions of brilliance {unknown}
 o - 2 potions of heal wounds {unknown}
 p - 2 potions of flight {unknown}
 r - a potion of invisibility {unknown}
 s - 2 potions of resistance {unknown}
 v - a potion of lignification {unknown}
 x - a potion of berserk rage {unknown}
 z - a potion of haste {unknown}
 A - a potion of cancellation {unknown}


   Skills:
 - Level 4.0 Fighting
 + Level 5.0 Dodging
 * Level 7.1 Stealth
 + Level 3.6 Unarmed Combat
 - Level 3.0 Spellcasting
 - Level 8.0 Hexes
 - Level 4.1 Necromancy
 - Level 1.7 Transmutations
 - Level 5.0 Evocations


You had 2 spell levels left.
You knew the following spells:

 Your Spells              Type           Power      Damage    Failure   Level
a - Necrotise             Necr           68%        1d7       3%          1
b - Vampiric Draining     Necr           17%        2d7       9%          3
c - Wereblood             Tmut           9%         N/A       12%         2
d - Slow                  Hex            100%       N/A       1%          1
e - Confusing Touch       Hex            31%        N/A       1%          3

Your spell library contained the following spells:

 Spells                   Type           Power      Damage    Failure   Level
 Sublimation of Blood     Necr           17%        N/A       4%          2
 Magic Dart               Conj           8%         1d3       16%         1
 Sandblast                Erth           4%         2d4       16%         1
 Passwall                 Tmut/Erth      4%         N/A       17%         2
 Searing Ray              Conj           4%         2d4       24%         2
 Animate Dead             Necr           17%        N/A       30%         4
 Fulminant Prism          Conj/Hex       8%         3d7       30%         4
 Leda's Liquefaction      Hex/Erth       8%         N/A       30%         4
 Call Canine Familiar     Summ           2%         N/A       43%         3
 Stone Arrow              Conj/Erth      4%         3d7       43%         3
 Agony                    Necr           17%        N/A       63%         5
 Summon Hydra             Summ           1%         N/A       100%        7
 Portal Projectile        Hex/Tloc       Unusable   N/A       N/A         3

Dungeon Overview and Level Annotations

Branches:
Dungeon (8/15)             Temple (0/1) D:6
   Lair: D:8-11

Altars:
Fedhas
Xom

Shops:
D:6 =

Annotations:
D:5 Prince Ribbit
D:7 Dowan, Duvessa


Innate Abilities, Weirdness & Mutations

You have sharp claws.
You have razor-sharp teeth.
You have supernaturally acute eyesight. (SInv)
You cover ground quickly. (Speed+)
You are covered in thick fur. (AC +2)
Your paws help you pounce on unaware monsters.
You are incapable of wielding weapons or throwing items.
You cannot wear armour.
You gain extra lives every three experience levels.


Message History

Confirm with . or Enter, or press ? or * to list all spells.
Your paws begin to glow red.
Duvessa misses you.
Dowan barely misses Duvessa.
You barely miss Duvessa.
Duvessa is moderately wounded.
You block Duvessa's attack.
Dowan closely misses Duvessa.
You scratch Duvessa but do no damage.
Duvessa is moderately wounded.
Duvessa hits you with a +0 short sword!
Dowan gestures at Duvessa while chanting.
Duvessa is outlined in light.
You barely miss Duvessa.
Duvessa is moderately wounded.
Duvessa hits you with a +0 short sword!
Dowan hits Duvessa but does no damage.
The sky beast flickers out of sight for a moment.
You scratch Duvessa but do no damage.
Duvessa appears confused.
You bite Duvessa, but do no damage.
Duvessa is moderately wounded.
You block the sky beast's attack.
Duvessa barely misses the sky beast.
Dowan mumbles some strange words.
Dowan blinks!
The centaur wields a +0 shortbow.
The centaur shoots an arrow.
You reflect the arrow off an invisible shield around you!
The arrow hits Duvessa.
You scratch Duvessa.
Duvessa is heavily wounded.
The centaur shoots an arrow.
The arrow closely misses you. The sky beast hits you. The sky beast shocks you.
* * * LOW HITPOINT WARNING * * *
Duvessa gestures wildly.
Duvessa misses you.
Duvessa hits herself with a +0 short sword.
The centaur unwields a +0 shortbow.
The centaur misses you. The centaur closely misses you.
The sky beast closely misses you.
Aiming: Charm
Press: ? - help, Shift-Dir - straight line, f - centaur, p - Duvessa
Aim: a centaur (chance to affect: 62%)
The centaur is charmed.
The sky beast hits you.
* * * LOW HITPOINT WARNING * * *
The sky beast shocks you.
You die...

..............................
........................
........................
######..................
#..................
#......[...........
#...............(..
#.........Y.c......
#..........@ee.....
#..................
#############.###.# ... ##..
.. #


You could see Duvessa (confused, corona, ally target), a sky beast, the friendly
Dowan (charmed) and a friendly centaur (charmed).

Vanquished Creatures
  Maggie (D:6)
  Menkaure (D:4)
  A black bear (D:6)
  A centaur (D:7)
  Blork the orc (D:6)
  2 bullfrogs (D:6)
  A scorpion (D:7)
  9 wights
  2 jellies
  2 orc priests
  A hound (D:5)
  Natasha (thrice) (D:3)
  2 iguanas
  Ijyb (D:3)
  2 orc wizards
  Robin (D:3)
  5 adders
  A shadow imp (D:7)
  A white imp (D:7)
  3 dart slugs
  26 orcs
  2 bats
  4 endoplasms
  4 giant cockroaches
  14 goblins
  9 hobgoblins
  6 jackals
  7 kobolds
  4 quokkas
  5 ball pythons
  5 frilled lizards
  7 rats
134 creatures vanquished.

Vanquished Creatures (collateral kills)
  A dart slug (D:1)
  An endoplasm (D:2)
  A jackal (D:2)
  A kobold (D:3)
4 creatures vanquished.

Grand Total: 138 creatures vanquished

Notes
Turn   | Place    | Note
-------+----------+-------------------------------------------
     0 | D:1      | browni3141 the Felid Necromancer began the quest for the
                  | Orb.
     0 | D:1      | Reached XP level 1. HP: 7/7 MP: 4/4
   122 | D:1      | Reached skill level 1 in Fighting
   211 | D:1      | Reached XP level 2. HP: 13/13 MP: 3/6
   603 | D:1      | Reached skill level 1 in Unarmed Combat
   608 | D:1      | Found a faded altar of an unknown god.
   763 | D:1      | Reached XP level 3. HP: 14/16 MP: 0/7
  1178 | D:1      | Learned a level 3 spell: Vampiric Draining
  1234 | D:1      | Learned a level 2 spell: Wereblood
  1477 | D:2      | You fall into a shaft and drop 1 floor!
  1563 | D:3      | Reached skill level 1 in Transmutations
  1643 | D:3      | Reached XP level 4. HP: 10/20 MP: 0/8
  1789 | D:3      | Noticed Natasha
  2672 | D:3      | Noticed Ijyb
  2672 | D:3      | Noticed Robin
  2704 | D:4      | Noticed Menkaure
  2930 | D:4      | Learned a level 1 spell: Slow
  3224 | D:4      | Reached skill level 1 in Hexes
  3494 | D:4      | Killed Menkaure
  3495 | D:4      | Reached skill level 4 in Hexes
  3495 | D:4      | Reached XP level 5. HP: 24/24 MP: 9/9
  3722 | D:3      | Reached skill level 5 in Hexes
  3744 | D:3      | Gained mutation: You are covered in thick fur. (AC +2)
                  | [Felid growth]
  3744 | D:3      | Reached XP level 6. HP: 27/27 MP: 5/10
  3747 | D:3      | Killed Natasha
  3748 | D:3      | Reached skill level 1 in Evocations
  3917 | D:3      | Killed Robin
  3921 | D:3      | Killed Ijyb
  4211 | D:3      | Noticed Natasha
  4221 | D:3      | Killed Natasha
  4453 | D:3      | Noticed Natasha
  4466 | D:3      | Killed Natasha
  4810 | D:5      | Entered Level 5 of the Dungeon
  5170 | D:5      | Noticed Prince Ribbit
  5412 | D:5      | Reached XP level 7. HP: 20/30 MP: 10/12
  5536 | D:5      | Learned a level 3 spell: Confusing Touch
  6000 | D:6      | Reached skill level 5 in Evocations
  6068 | D:6      | Found a shimmering altar of Xom.
  6117 | D:6      | Reached skill level 6 in Hexes
  6132 | D:6      | Slain by a wight
  6133 | D:6      | Reached XP level 6. HP: -1/25 MP: 8/11
  6199 | D:6      | Noticed Maggie
  6210 | D:6      | Killed Maggie
  6211 | D:6      | Reached skill level 8 in Hexes
  6211 | D:6      | Reached XP level 7. HP: 9/31 MP: 12/12
  6413 | D:6      | Found a staircase to the Ecumenical Temple.
  6703 | D:6      | Noticed Blork the orc
  6734 | D:6      | Killed Blork the orc
  6824 | D:6      | Found Hama's Jewellery Boutique.
  7066 | D:6      | Reached skill level 5 in Stealth
  7096 | D:6      | Reached XP level 8. HP: 21/34 MP: 11/13
  7599 | D:7      | Found a blossoming altar of Fedhas.
  7637 | D:7      | Slain by a wight
  7638 | D:7      | Reached XP level 7. HP: -1/27 MP: 10/12
  7810 | D:7      | Reached skill level 5 in Dodging
  7937 | D:7      | Noticed Duvessa
  7938 | D:7      | Noticed Dowan
  7950 | D:7      | Slain by a sky beast

Illustrated notes

Levels and vault maps discovered:
D:1:      nicolae_arrival_memento_mori, layout_loops_cross,
          hellmonk_ecumenical_altar_zigzags, dk_noncrumbling_3,
          minmay_misc_feat_iff
D:2:      layout_loops_cross
D:3:      minmay_spotlight, layout_basic, nicolae_goblin_pals, uniq_natasha,
          uniq_robin
D:4:      layout_gridville, uniq_menkaure
D:5:      layout_loops_ring, uniq_prince_ribbit1
D:6:      layout_gridville, mainiacjoe_overflow_surrounded_room,
          minmay_temple_entry_antechambers, serial_shops,
          nicolae_shop_advertising_works [nicolae_subvault_shop_adworks],
          minmay_door_square, uniq_maggie, uniq_blork_the_orc
D:7:      layout_basic, fedhas_altar_1, serial_shops, nicolae_shop_trees,
          uniq_duvessa
D:8:      layout_basic, mainiacjoe_overflow_cross_hatched

Skill      XL: |  1  2  3  4  5  6  7  8 |
---------------+-------------------------+-----
Fighting       | 1 2 3 4 |  4.0
Unarmed Combat | 1 2 3 |  3.6
Transmutations | 1 |  1.7
Hexes          | 4 5 8 6 |  8.0
Evocations     | 3 5 |  5.0
Spellcasting   | 3 |  3.0
Dodging        | 3 5 |  5.0
Stealth        | 3 7 6 |  7.1
Necromancy     | |  4.1

Action                     |  1- 3 |  4- 6 |  7- 9 || total
---------------------------+-------+-------+-------++-------
  Melee: Unarmed           |    34 |    88 |   192 ||   314
         Bite              |     3 |    14 |    31 ||    48
         Punch             |       |     2 |     6 ||     8
   Cast: Necrotise         |    70 |    83 |    27 ||   180
         Wereblood         |     2 |     2 |     1 ||     5
         Slow              |       |     9 |    15 ||    24
         Vampiric Draining |       |     1 |     9 ||    10
         Confusing Touch   |       |       |    10 ||    10
  Evoke: Wand              |       |    12 |    21 ||    33
    Use: Potion            |     2 |       |       ||     2
   Stab: Sleeping          |     1 |     5 |     4 ||    10
         Confused          |       |       |     7 ||     7
 Armour: Skin              |     1 |     5 |     7 ||    13
  Dodge: Dodged            |    42 |    78 |   191 ||   311
  Block: Other             |    11 |    27 |    42 ||    80
         Reflection        |       |       |     1 ||     1

Table legend: (Time is in decaauts)
 A = Elapsed time spent in this place.
 B = Non-inter-level travel time spent in this place.
 C = Inter-level travel time spent in this place.
 D = Time resting spent in this place.
 E = Time spent auto-exploring this place.
 F = Levels seen in this place.
 G = Mean time per level.
                   A        B        C        D        E       F      G
               +--------+--------+--------+--------+--------+-----+--------+
         Total |   7036 |   6822 |    214 |    577 |   4903 |   8 |  879.5 |
       Dungeon |   7036 |   6822 |    214 |    577 |   4903 |   8 |  879.5 |
               +--------+--------+--------+--------+--------+-----+--------+

Top non-repeatable levels by time:
     D:3: 1466 daAuts
     D:6: 1454 daAuts
     D:1: 1100 daAuts
     D:4: 887 daAuts
     D:2: 753 daAuts
     D:5: 734 daAuts
     D:7: 559 daAuts
     D:8: 81 daAuts
